cohdb
Replays
Latest Replays
All Replays
Popular Replays
Top Player Replays
Match Explorer
How It Works
Community
CoH3 Stats
Reddit
Sign in to upload your games and track your stats! →
Sign in with Steam
Match 24594183
Unlisted
Match 24594183
Overview
Messages
Build Orders
End
Kettenkrad Recon Vehicle
Construct Infanterie Kompanie
Selects Mechanized Battlegroup
MG 42 Machine Gun Team
Grenadier Squad
GrW 34 Mortar Team
Construct Panzergrenadier Kompanie
251 Medium Carrier
Panzergrenadier Squad
Selects Mobile Repair Stations
Pak 40 Anti-tank Gun Team
Pioneer Squad
Support Elements
Nebelwerfer 42 Rocket Launcher Team
MG 42 Machine Gun Team
Selects Stoßtruppen Assault Package
Panzergrenadier Officer Quarters
Selects Zeroing Artillery Barrage
251 Medium Carrier
Selects Raid Package
StuG III G Assault Gun
Construct Panzer Kompanie
Selects StuG Assault Group
StuG Assault Group
Side Skirts
Selects Panther Heavy Tank
Panther Heavy Tank
Pak 40 Anti-tank Gun Team
ShiningRay
MMMMMMMMMMMM
Prince-of-Persia
【嗜血狼族】灵狐魅儿
FeryaFei
WARWOLFMELF
Sparkle
Baby Johnson
0
0
Comments
sign in to comment!
No comments posted yet!